 Dungeon Crawl Stone Soup version 0.23.2-1-ga50397a6bc (webtiles) character file.

Game seed: 6869095862558157931

1915 Foic the Grappler (level 8, -7/79 HPs)
             Began as a Troll Monk on May 15, 2019.
             Mangled by a two-headed ogre
             ... wielding a +0 giant club
              (33 damage)
             ... on level 7 of the Dungeon.
             The game lasted 00:18:35 (5445 turns).

Foic the Grappler (Troll Monk)                      Turns: 5445, Time: 00:18:36

Health: -7/79      AC:  7    Str: 20    XL:     8   Next: 95%
Magic:  7/7        EV: 13    Int:  6    God:
Gold:   368        SH:  0    Dex: 14    Spells: 7/7 levels left

rFire    . . .     SeeInvis .     - Unarmed
rCold    . . .     Gourm    +   (no shield)
rNeg     . . .     Faith    .   a - +0 robe
rPois    .         Spirit   .   (helmet restricted)
rElec    .         Reflect  .   h - +0 cloak
rCorr    .         Harm     .   (gloves unavailable)
MR       +....                  (boots unavailable)
Stlth    ++........             (no amulet)
HPRegen  0.63/turn              z - ring of protection from magic
MPRegen  0.10/turn              (no ring)

@: no status effects
A: large, unfitting armour, claws 3, fast metabolism 3, gourmand, regeneration
1, shaggy fur 1, tough skin 3
a: no special abilities


You were on level 7 of the Dungeon.
You were very full.

You visited 2 branches of the dungeon, and saw 8 of its levels.

You collected 368 gold pieces.

Inventory:

Hand Weapons
 D - the +9 mace of Awadei Tife {flame, Str+2 Int+3 SInv}
   (You found it on level 6 of the Dungeon)

   It has been specially enchanted to burn those struck by it, causing extra
   injury to most foes and up to half again as much damage against particularly
   susceptible opponents.
   It affects your strength (+2).
   It affects your intelligence (+3).
   It lets you see invisible.
Missiles
 c - 183 stones
 p - 8 tomahawks (quivered)
 t - 4 needles of confusion
 v - 25 poisoned needles
 C - a throwing net
Armour
 a - a +0 robe (worn)
 h - a +0 cloak (worn)
Jewellery
 z - a ring of protection from magic (left claw)
Wands
 j - a wand of random effects (43)
 E - a wand of iceblast (12)
Scrolls
 e - 5 scrolls of identify
 f - 2 scrolls of fear {unknown}
 g - 4 scrolls of magic mapping {unknown}
 k - 3 scrolls of teleportation {unknown}
 l - a scroll of noise {unknown}
 m - 3 scrolls of remove curse {unknown}
 n - a scroll of random uselessness {unknown}
 r - a scroll of blinking {unknown}
 u - 3 scrolls of enchant weapon {unknown}
 w - a scroll of amnesia {unknown}
 y - a scroll of immolation {unknown}
Potions
 o - a potion of heal wounds
 q - a potion of resistance
 A - 2 potions of curing
Comestibles
 b - 18 rations


   Skills:
 * Level 4.7 Fighting
 * Level 5.9 Dodging
 + Level 2.3 Stealth
 + Level 8.2 Unarmed Combat


You had 7 spell levels left.
You didn't know any spells.
Your spell library was empty.

Dungeon Overview and Level Annotations

Branches:
Dungeon (7/15)             Temple (1/1) D:4

Altars:
Ashenzari
Cheibriados
Dithmenos
Elyvilon
Fedhas
Gozag
Hepliaklqana
Kikubaaqudgha
Makhleb
Nemelex Xobeh
Okawaru
Qazlal
Ru
Sif Muna
Trog
Uskayaw
Vehumet
Wu Jian
Xom
Yredelemnul
Zin

Shops:
D:4 %   D:7 ?

Annotations:
D:4 1 runed translucent door, Crazy Yiuf


Innate Abilities, Weirdness & Mutations

You are too large for most types of armour.
You have claws for hands.
Your metabolism is lightning-fast.
You like to eat raw meat.
Your natural rate of healing is unusually fast.
You are covered in fur. (AC +1)
You have extremely tough skin. (AC +3)


Message History

The two-headed ogre is lightly wounded.
Throwing (i - inventory. (/) - cycle)
p - 9 tomahawks (quivered)
Press: ? - help, Shift-Dir - straight line, f/p - two-headed ogre
Aim: a two-headed ogre, wielding a +0 giant club and a +0 giant spiked club (lightly wounded)
You throw a tomahawk. The tomahawk hits the two-headed ogre.
The two-headed ogre is lightly wounded.
You scratch the two-headed ogre but do no damage.
The two-headed ogre is lightly wounded.
The two-headed ogre hits you with a +0 giant club!
The two-headed ogre hits you with a +0 giant spiked club!!
You claw the two-headed ogre!
The two-headed ogre is heavily wounded.
The two-headed ogre hits you with a +0 giant club!!
The two-headed ogre barely misses you.
You completely miss the two-headed ogre.
The two-headed ogre is moderately wounded.
You scratch the two-headed ogre but do no damage.
The two-headed ogre is moderately wounded.
The two-headed ogre hits you with a +0 giant club!!
You die...

#.. #.. #.# #.# #.#
#.# .... #.# ...
###@#.#### ...
#...O...... #.#
#.###(##### #.# #.#
#(## ####.#
#.###.(########.....
#.).................
#..#....(...........
#...##............##
#...#.#..........#.#


You could see a two-headed ogre.

Vanquished Creatures
  Sigmund (D:5)
  A water moccasin (D:5)
  Duvessa (D:4)
  3 ogres
  A bullfrog (D:6)
  Blork the orc (D:6)
  Dowan (D:4)
  3 scorpions
  2 crimson imps
  2 jellies
  2 hounds
  4 orc priests
  9 orc wizards
  3 centaur skeletons
  An iguana (D:5)
  4 worker ants
  8 adders
  An ooze (D:3)
  2 adder skeletons
  4 worms
  3 dart slugs
  A leopard gecko (D:5)
  26 orcs
  6 giant cockroaches
  5 goblins
  5 hobgoblins
  A quokka (D:4)
  3 ball pythons
  9 bats
  7 frilled lizards
  A jackal zombie (D:5)
  11 kobolds
  9 rats
141 creatures vanquished.

Notes
Turn   | Place    | Note
-------+----------+-------------------------------------------
     0 | D:1      | Foic the Troll Monk began the quest for the Orb.
     0 | D:1      | Reached XP level 1. HP: 22/22 MP: 0/0
   108 | D:1      | Reached XP level 2. HP: 28/29 MP: 1/1
   750 | D:2      | Reached XP level 3. HP: 35/36 MP: 2/2
  1140 | D:2      | Found a basalt altar of Yredelemnul.
  1394 | D:3      | Reached XP level 4. HP: 42/45 MP: 3/3
  1613 | D:3      | Reached skill level 4 in Unarmed Combat
  1658 | D:3      | Reached XP level 5. HP: 42/53 MP: 4/4
  1749 | D:3      | Found a sacrificial altar of Ru.
  1749 | D:3      | Found a bloodstained altar of Trog.
  1826 | D:3      | Found a burning altar of Makhleb.
  2260 | D:4      | Found Daipa's Food Emporium.
  2448 | D:4      | Reached XP level 6. HP: 60/61 MP: 5/5
  2563 | D:4      | Noticed Dowan
  2565 | D:4      | Noticed Duvessa
  2573 | D:4      | Killed Duvessa
  2573 | D:4      | Reached skill level 5 in Unarmed Combat
  2582 | D:4      | Killed Dowan
  2647 | D:4      | Reached XP level 7. HP: 41/67 MP: 6/6
  2683 | D:4      | Found a staircase to the Ecumenical Temple.
  2713 | Temple   | Entered the Ecumenical Temple
  3102 | D:4      | Found a shadowy altar of Dithmenos.
  3222 | D:4      | Found a runed translucent door.
  3223 | D:4      | Noticed Crazy Yiuf
  3482 | D:5      | Entered Level 5 of the Dungeon
  3553 | D:4      | Reached skill level 6 in Unarmed Combat
  3592 | D:5      | Got a steaming falchion
  3593 | D:5      | Identified the +5 falchion "Huosoko" {holy, rElec Int+4
                  | Stlth+} (You found it on level 5 of the Dungeon)
  3605 | D:5      | Noticed Sigmund
  3613 | D:5      | Killed Sigmund
  3613 | D:5      | Reached skill level 5 in Dodging
  3715 | D:5      | Reached XP level 8. HP: 75/78 MP: 7/7
  3985 | D:5      | Noticed a +0 dagger
  3986 | D:5      | Noticed a -2 dagger
  3990 | D:5      | Found a hide-covered altar of Uskayaw.
  4342 | D:5      | Reached skill level 7 in Unarmed Combat
  4412 | D:6      | Got a bloodstained mace
  4413 | D:6      | Identified the +9 mace of Awadei Tife {flame, Str+2 Int+3
                  | SInv} (You found it on level 6 of the Dungeon)
  4423 | D:6      | Found a stormy altar of Qazlal.
  4743 | D:6      | Reached skill level 8 in Unarmed Combat
  4997 | D:6      | Noticed Blork the orc
  5004 | D:6      | Killed Blork the orc
  5251 | D:7      | Found Qyfix's Magic Scroll Emporium.
  5437 | D:7      | Noticed a two-headed ogre
  5445 | D:7      | Mangled by a two-headed ogre

Skill      XL: |  1  2  3  4  5  6  7  8 |
---------------+-------------------------+-----
Dodging        | 3 4 5 |  5.9
Fighting       | 3 4 |  4.7
Unarmed Combat | 4 5 6 8 |  8.2
Stealth        | 2 |  2.3

Action                   |  1- 3 |  4- 6 |  7- 9 || total
-------------------------+-------+-------+-------++-------
Melee: Unarmed           |   111 |   150 |   176 ||   437
       Punch             |     1 |     2 |     4 ||     7
Throw: Tomahawk          |       |       |     4 ||     4
  Use: Scroll            |       |       |     4 ||     4
       Potion            |       |       |     7 ||     7
 Stab: Sleeping          |     2 |     1 |     3 ||     6
  Eat: Chunk             |    18 |    12 |    24 ||    54
Armor: Robe              |    34 |    49 |    35 ||   118
       Skin              |       |       |     2 ||     2
Dodge: Dodged            |    55 |    78 |    95 ||   228
